 Dungeon Crawl Stone Soup version 0.27-a0-1312-g5cdb2b3542 (webtiles) character file.

Game seed: 15984261357850716660

510806 Conn the Eclecticist (level 25, -4/130 (137) HPs)
             Began as an Octopode Fire Elementalist on June 20, 2021.
             Was a High Priest of Sif Muna.
             Splashed by a tengu reaver's acid (11 damage)
             ... on level 5 of the Vaults.
             The game lasted 05:56:23 (88157 turns).

Conn the Eclecticist (Octopode Fire Elementalist)  Turns: 88157, Time: 05:56:23

HP:   -4/130 (137)  AC:  7    Str: 10    XL:     25   Next: 9%
MP:   4/47          EV: 20    Int: 47    God:    Sif Muna [*****.]
Gold: 3315          SH: 23    Dex: 25    Spells: 4/65 levels left

rFire    + . .     SeeInvis +   a - +5 dagger of Usatoz {vorpal, Fly rElec rPois}
rCold    . . .     Faith    .   r - +5 kite shield {rPois}
rNeg     + . .     Spirit   .   m - +2 hat of the Doldrums {Dex+6}
rPois    +         Reflect  +   N - amulet "Xusaodwi" {Reflect rN+ SH+5 Stlth+}
rElec    +         Harm     .   K - ring of Nyuloeth {rF- rC+ Str-2 Int+9 SInv}
rCorr    .         Rampage  .   J - +6 ring of intelligence
Will     +++..                  Z - +4 ring of protection
Stlth    +++++++...             z - +4 ring of protection
HPRegen  0.31/turn              F - ring of Daunuhae {Int+3 Dex+6}
MPRegen  0.30/turn              R - ring of fire
                                V - ring of protection from fire
                                U - ring of the Mage {Wiz Will++ Int+3}

@: corroded, channeling, flying, very slightly contaminated, hasted, studying 2
skills, drained, very quick
A: almost no armour, amphibious, 8 rings, camouflage 1, gelatinous body 1,
(nimble swimmer 1), tentacles, see invisible, clever 1, frail 1
}: 3/15 runes: serpentine, barnacled, slimy
a: Renounce Religion, Channel Magic, Forget Spell, Divine Exegesis


You were on level 5 of the Vaults.
You worshipped Sif Muna.
Sif Muna was extremely pleased with you.
You visited 9 branches of the dungeon, and saw 45 of its levels.
You also visited: Bailey, Gauntlet and Ice Cave.

You collected 6867 gold pieces.
You spent 3552 gold pieces at shops.

Inventory:

Hand Weapons
 a - the +5 dagger of Usatoz (weapon) {vorpal, Fly rElec rPois}
   (You found it on level 5 of the Pits of Slime)

   It inflicts extra damage upon your enemies.
   It insulates you from electricity.
   It protects you from poison.
   It grants you flight.
 s - the +11 spear "Fael" {freeze, Fragile rN+ Will++ Stlth+}
   (You bought it in a shop on level 1 of the Shoals)

   It has been specially enchanted to freeze those struck by it, causing extra
   injury to most foes and up to half again as much damage against particularly
   susceptible opponents.
   It can also slow down cold-blooded creatures.
   It protects you from negative energy.
   It will be destroyed if unequipped.
   It greatly increases your willpower.
   It makes you more stealthy.
 S - a +9 vorpal executioner's axe
Missiles
 q - 111 sling bullets
 Y - 7 atropa-tipped darts
Armour
 k - a +2 hat of intelligence
 m - the +2 hat of the Doldrums (worn) {Dex+6}
   (You found it in a Gauntlet)

   It affects your dexterity (+6).
 r - a +5 kite shield of poison resistance (worn)
 H - a +5 kite shield of reflection
Magical Staves
 b - a staff of fire
 d - a staff of air
 D - a staff of conjuration
Jewellery
 h - a ring of resist corrosion
 o - a +6 ring of intelligence
 p - a ring of wizardry
 v - a ring of ice
 y - an amulet of reflection
 z - a +4 ring of protection (on tentacle)
 F - the ring of Daunuhae (on tentacle) {Int+3 Dex+6}
   (You took it off a centaur on level 11 of the Dungeon)

   [ring of dexterity]

   It affects your intelligence (+3).
   It affects your dexterity (+6).
 J - a +6 ring of intelligence (right tentacle)
 K - the ring of Nyuloeth (left tentacle) {rF- rC+ Str-2 Int+9 SInv}
   (You acquired it on level 5 of the Pits of Slime)

   [ring of protection from cold]

   It affects your strength (-2).
   It affects your intelligence (+9).
   It makes you vulnerable to fire.
   It protects you from cold.
   It lets you see invisible.
 N - the amulet "Xusaodwi" (around mantle) {Reflect rN+ SH+5 Stlth+}
   (You bought it in a shop on level 1 of the Elven Halls)

   [amulet of reflection]

   It reflects blocked missile attacks.
   It protects you from negative energy.
   It affects your SH (+5).
   It makes you more stealthy.
 O - the amulet of Vitality {Regen+ HP+15}
   (You found it on level 5 of the Pits of Slime)

   [amulet of regeneration]

   It affects your health (+15).
   It increases your rate of health regeneration.
 P - a +6 ring of strength
 R - a ring of fire (on tentacle)
 U - the ring of the Mage (on tentacle) {Wiz Will++ Int+3}
   (You bought it in a shop on level 2 of the Orcish Mines)

   [ring of wizardry]

   It improves your spell success rate.
   It affects your intelligence (+3).
   It greatly increases your willpower.
 V - a ring of protection from fire (on tentacle)
 W - the amulet "Lily" {Acrobat rN+ Int+4}
   (You took it off a deep elf annihilator on level 3 of the Elven Halls)

   [amulet of the acrobat]

   It increases your evasion while moving and waiting.
   It affects your intelligence (+4).
   It protects you from negative energy.
 Z - a +4 ring of protection (on tentacle)
Wands
 i - a wand of acid (38)
 A - a wand of iceblast (53)
 I - a wand of paralysis (40)
 T - a wand of digging (9)
Scrolls
 f - 7 scrolls of enchant armour
 g - 8 scrolls of blinking
 l - a scroll of fear
 n - 8 scrolls of teleportation
 C - 19 scrolls of identify
 E - 10 scrolls of amnesia
 G - 2 scrolls of holy word
 L - 5 scrolls of magic mapping
 Q - a scroll of fog
Potions
 c - a potion of haste
 e - 2 potions of cancellation
 t - 7 potions of curing
 u - 2 potions of might
 w - 3 potions of magic
 x - a potion of resistance
 B - 3 potions of brilliance
 M - 6 potions of flight


   Skills:
 + Level 8.2 Fighting
 + Level 0.4 Short Blades
 + Level 7.9(8.7) Axes
 + Level 5.3(8.4) Maces & Flails
 + Level 6.0(7.0) Staves
 + Level 5.6 Slings
 + Level 9.0 Dodging
 - Level 8.4 Stealth
 + Level 12.8 Shields
 * Level 20.6 Spellcasting
 * Level 18.8 Conjurations
 + Level 1.8 Hexes
 + Level 3.1 Summonings
 + Level 8.0 Translocations
 + Level 20.4 Fire Magic
 + Level 4.0 Ice Magic
 + Level 5.6 Air Magic
 + Level 2.4 Earth Magic
 + Level 0.1 Poison Magic
 - Level 9.1 Invocations
 + Level 2.5 Evocations


You had 4 spell levels left.
You knew the following spells:

 Your Spells              Type           Power      Damage    Failure   Level
a - Foxfire               Conj/Fire      100%       2x1d9     0%          1
b - Conjure Flame         Conj/Fire      100%       6-21      0%          3
c - Ignition              Fire           75%        3d20      1%          8
d - Orb of Destruction    Conj           61%        9d17      1%          7
e - Fireball              Conj/Fire      74%        3d28      0%          5
f - Blink                 Tloc           N/A        N/A       1%          2
g - Hailstorm             Conj/Ice       100%       3d20      1%          4
h - Stone Arrow           Conj/Erth      100%       3d13      0%          3
i - Summon Guardian Gole  Hex/Summ       64%        N/A       1%          3
j - Ozocubu's Armour      Ice            72%        N/A       1%          3
k - Bolt of Magma         Conj/Fire/Erth 66%        4d26      1%          5
l - Airstrike             Air            40%        N/A       1%          4
m - Iskenderun's Mystic   Conj/Tloc      100%       2d19      0%          4
n - Fire Storm            Conj/Fire      74%        8d19      6%          9

Your spell library contained the following spells:

 Spells                   Type           Power      Damage    Failure   Level
 Apportation              Tloc           100%       N/A       0%          1
 Magic Dart               Conj           100%       1d8       0%          1
 Shock                    Conj/Air       100%       1d9       0%          1
 Searing Ray              Conj           100%       3d7       0%          2
 Static Discharge         Conj/Air       100%       N/A       0%          2
 Dazzling Flash           Conj/Hex       100%       N/A       0%          3
 Inner Flame              Hex/Fire       100%       N/A       0%          3
 Sticky Flame             Conj/Fire      100%       2d11      0%          4
 Animate Skeleton         Necr           96%        N/A       1%          1
 Beastly Appendage        Tmut           96%        N/A       1%          1
 Corona                   Hex            66%        N/A       1%          1
 Freeze                   Ice            100%       1d11      1%          1
 Sandblast                Erth           100%       2d20      1%          1
 Sting                    Tmut/Pois      100%       1d8       1%          1
 Summon Small Mammal      Summ           100%       N/A       1%          1
 Call Imp                 Summ           67%        N/A       1%          2
 Corpse Rot               Necr/Air       N/A        N/A       1%          2
 Ensorcelled Hibernation  Hex/Ice        100%       N/A       1%          2
 Passwall                 Tmut/Erth      46%        N/A       1%          2
 Poisonous Vapours        Pois/Air       100%       N/A       1%          2
 Slow                     Hex            60%        N/A       1%          2
 Sublimation of Blood     Necr           24%        N/A       1%          2
 Wereblood                Tmut           48%        N/A       1%          2
 Call Canine Familiar     Summ           67%        N/A       1%          3
 Confusing Touch          Hex            60%        N/A       1%          3
 Frozen Ramparts          Ice            100%       1d12      1%          3
 Gell's Gravitas          Tloc           45%        N/A       1%          3
 Ignite Poison            Fire/Tmut/Pois 100%       N/A       1%          3
 Lesser Beckoning         Tloc           45%        N/A       1%          3
 Mephitic Cloud           Conj/Pois/Air  90%        N/A       1%          3
 Portal Projectile        Hex/Tloc       100%       N/A       1%          3
 Spider Form              Tmut/Pois      24%        N/A       1%          3
 Swiftness                Air            80%        N/A       1%          3
 Teleport Other           Tloc           90%        N/A       1%          3
 Tukima's Dance           Hex            60%        N/A       1%          3
 Animate Dead             Necr           24%        N/A       1%          4
 Cause Fear               Hex            30%        N/A       1%          4
 Dispel Undead            Necr           48%        3d18      1%          4
 Fulminant Prism          Conj/Hex       49%        3d21      1%          4
 Ice Form                 Ice/Tmut       61%        N/A       1%          4
 Leda's Liquefaction      Hex/Erth       31%        N/A       1%          4
 Olgreb's Toxic Radiance  Pois           49%        N/A       1%          4
 Passage of Golubria      Tloc           N/A        N/A       1%          4
 Petrify                  Tmut/Erth      56%        N/A       1%          4
 Summon Ice Beast         Ice/Summ       70%        N/A       1%          4
 Summon Lightning Spire   Summ/Air       74%        N/A       1%          4
 Iskenderun's Battlesphe  Conj           100%       2d15      0%          5
 Starburst                Conj/Fire      74%        8x6d19    0%          6
 Freezing Cloud           Conj/Ice/Air   47%        6-21      1%          5
 Irradiate                Conj/Tmut      47%        3d29      1%          5
 Lee's Rapid Deconstruct  Erth           32%        3d17*     1%          5
 Lightning Bolt           Conj/Air       52%        1d73      1%          5
 Manifold Assault         Tloc           90%        N/A       1%          5
 Metabolic Englaciation   Hex/Ice        33%        N/A       1%          5
 Silence                  Hex/Air        35%        N/A       1%          5
 Summon Forest            Summ/Tloc      39%        N/A       1%          5
 Summon Mana Viper        Hex/Summ       64%        N/A       1%          5
 Conjure Ball Lightning   Conj/Air       52%        3x3d18    1%          6
 Dispersal                Tloc           45%        N/A       1%          6
 Iron Shot                Conj/Erth      49%        9d9       1%          6
 Spellforged Servitor     Conj/Summ      50%        N/A       1%          7
 Borgnjor's Vile Clutch   Necr/Erth      28%        N/A       3%          5
 Yara's Violent Unravell  Hex/Tmut       27%        3d12      3%          5
 Alistair's Intoxication  Tmut/Pois      32%        N/A       5%          5
 Agony                    Necr           48%        N/A       6%          5
 Blade Hands              Tmut           24%        N/A       6%          5
 Excruciating Wounds      Necr           24%        N/A       6%          5
 Shadow Creatures         Summ           N/A        N/A       9%          6
 Simulacrum               Ice/Necr       30%        N/A       13%         6
 Invisibility             Hex            30%        N/A       14%         6
 Lehudib's Crystal Spear  Conj/Erth      49%        10d12     16%         8
 Statue Form              Tmut/Erth      37%        N/A       17%         6
 Death Channel            Necr           24%        N/A       28%         6
 Eringya's Noxious Bog    Tmut/Pois      24%        N/A       28%         6
 Ozocubu's Refrigeration  Ice            36%        4d12      30%         7
 Summon Hydra             Summ           33%        N/A       41%         7
 Disjunction              Tloc           45%        N/A       41%         8
 Storm Form               Tmut/Air       33%        N/A       45%         7
 Haunt                    Necr/Summ      29%        N/A       61%         7
 Chain Lightning          Conj/Air       52%        3d69      75%         9
 Dragon Form              Tmut           24%        N/A       82%         7
 Borgnjor's Revivificati  Necr           24%        N/A       100%        8
 Necromutation            Tmut/Necr      24%        N/A       100%        8
 Death's Door             Necr           24%        N/A       100%        9
 Polar Vortex             Ice            36%        N/A       100%        9
 Shatter                  Erth           32%        3d26*     100%        9
 Animate Armour           Summ/Erth      Unusable   N/A       N/A         4

Dungeon Overview and Level Annotations

Branches:
Dungeon (15/15)            Temple (1/1) D:4            Lair (6/6) D:10
 Shoals (4/4) Lair:3        Snake (4/4) Lair:4        Slime (5/5) Lair:5
    Orc (2/2) D:9             Elf (3/3) Orc:2        Vaults (5/5) D:13
  Crypt (0/3) Vaults:2     Depths (0/5) D:15         Bailey (visited)
  IceCv (visited)         Gauntlet (visited)

Altars:
Ashenzari
Cheibriados
Dithmenos
Elyvilon
Gozag
Hepliaklqana
Kikubaaqudgha
Okawaru
Ru
Sif Muna
Trog
Uskayaw
Wu Jian
Xom
Yredelemnul

Shops:
D:9 ?   Orc:2 =[:[   Elf:1 ?*=*   Elf:2 !   Shoals:1 (   Shoals:2 *
Snake:2 =*?(

Portals:
Trove: Elf:1 (give 4 potions of resistance)

Annotations:
Lair:6 MordorOrchid's ghost, journeyman DjFE


Innate Abilities, Weirdness & Mutations

You cannot wear most types of armour.
You are amphibious.
You can wear up to eight rings at the same time.
Your skin changes colour to match your surroundings (Stealth+).
Your rubbery body absorbs attacks. (AC +1, EV +1)
((You are camouflaged near water. (Stealth+)))
You have tentacles for arms and can constrict up to eight enemies at once.
You have supernaturally acute eyesight. (SInv)
Your mind is acute. (Int +2)
You are frail. (-10% HP)


Message History

A yaktaur captain comes into view.
The shadow dragon is engulfed in blazing flames.
The deep elf death mage is engulfed in blazing flames.
A vault guard comes into view. It is wielding a +0 war axe.
You hit the shadow dragon but do no damage.
The shadow dragon is almost dead.
Your fire vortex hits the deep elf death mage.
Your fire vortex burns the deep elf death mage!
Your fire vortex dissipates!
The yaktaur captain wields a +0 arbalest.
The yaktaur captain shoots a bolt.
The bolt hits your fire vortex!!
Your fire vortex hits the shadow dragon.
Your fire vortex burns the shadow dragon!
The shadow dragon dies!
Sif Muna accepts your kill.
Your fire vortex dissipates!
The tengu reaver points at you and mumbles some strange words.
You hear a sizzling sound!
The vault guard is engulfed in blazing flames.
The deep elf death mage is engulfed in blazing flames.
The shadow dragon is engulfed in blazing flames.
Casting: Iskenderun's Mystic Blast (safe; 0% risk of failure)
Confirm with . or Enter, or press ? or * to list all spells.
Aiming: Fireball (safe; 0% risk of failure)
Press: ? - help, Shift-Dir - straight line You feel a surge of power!
The fireball explodes!
The fireball engulfs the vault guard!!!
You kill the vault guard!
Sif Muna accepts your kill.
The fireball engulfs the deep elf death mage!!
You kill the deep elf death mage!
Sif Muna accepts your kill. The tengu reaver casts a spell at you.
The bolt of acid hits your fire vortex!!!
Your fire vortex is splashed with acid.
The acid corrodes your fire vortex!
Your fire vortex dissipates!
The bolt of acid hits you!!!
* * * LOW HITPOINT WARNING * * *
The acid corrodes you!
You are splashed with acid!
You die...

..#.# ..#.# ..#.#
[.#.### [[....
....####################
<[.[.....°).°°.....°○○°.
.<)[)..............°○Q°.
<..[..).).°°.)..@..°°D°c
..[....†)[°v.v.....○v°°.
[[..####################
[..... ..#... ..#....
..#.....


You could see a shadow dragon, a tengu reaver, a yaktaur captain and 3 friendly
fire vortices.

Vanquished Creatures
  the Royal Jelly (Slime:5)
  Bai Suzhen (Snake:4)
  Vashnia (Snake:3)
  Frederick (Vaults:4)
  Jory (Vaults:2)
  An Ice Fiend (IceCv)
  A deep elf blademaster (Elf:3)
  A titan (Vaults:5)
  A deep elf master archer (Elf:3)
  2 sphinxes
  Frances (D:12)
  A kraken (Shoals:4)
  A shadow dragon (Vaults:5)
  18 acid blobs
  Agnes (Snake:4)
  Donald (Snake:4)
  12 rockslimes
  7 nagarajas
  2 tengu reavers
  Roxanne (Snake:2)
  15 azure jellies
  A frost giant (Vaults:4)
  Aizul (Snake:3)
  10 vault wardens
  7 deep elf sorcerers
  3 deep elf elementalists (Elf:3)
  2 orc warlords
  Louise (Shoals:2)
  9 quicksilver oozes
  14 very ugly things
  17 ironbound preservers
  3 war gargoyles
  3 stone giants
  6 deep elf demonologists
  8 deep elf annihilators (Elf:3)
  2 dire elephants
  A minotaur (Gauntlet)
  The ghost of fly the Blocker, a journeyman HuMo of Zin (D:13)
  3 crystal guardians
  2 ettins
  9 deep elf death magi
  A fire dragon (Lair:5)
  3 merfolk javelineers
  Josephine (Lair:6)
  A merfolk impaler (Shoals:2)
  9 deep elf high priests
  8 yaktaur captains
  A rakshasa (D:11)
  5 ironbound thunderhulks
  15 naga warriors
  5 great orbs of eyes
  15 hydras
  5 salamander tyrants
  30 vault guards
  7 boulder beetles
  12 anacondas
  An ice dragon (D:12)
  A merfolk avatar (Shoals:2)
  2 catoblepae
  4 peacekeepers
  Erica (D:10)
  7 ironbound frosthearts
  11 centaur warriors
  2 alligator snapping turtles
  5 two-headed ogres
  5 merfolk aquamancers (Shoals:4)
  A death knight (D:14)
  7 orc high priests
  27 dancing weapons
  6 ironbound beastmasters
  15 naga sharpshooters
  2 death yaks (Lair:2)
  Sonja (D:10)
  A shock serpent (shapeshifter) (D:13)
  23 deep elf knights
  A shock serpent (Snake:4)
  7 salamander mystics
  16 skeletal warriors
  A sea snake (shapeshifter) (Vaults:3)
  57 deep trolls
  A flayed ghost (Vaults:1)
  28 deep elf archers
  3 glowing orange brains
  14 sea snakes
  19 harpies
  15 wizards
  13 naga ritualists
  12 mana vipers
  4 oklob plants
  13 ironbound convokers
  6 shining eyes
  38 deep elf pyromancers
  A wolf spider (D:15)
  9 lindwurms
  34 deep elf zephyrmancers
  31 ugly things
  An orb spider (shapeshifter) (D:11)
  11 orc knights
  19 salamanders
  An orc sorcerer (Orc:1)
  11 cyclopes
  16 manticores
  3 tengu skeletons (Vaults:2)
  Maurice (D:10)
  33 black mambas
  An elephant (D:9)
  10 guardian serpents
  20 vault sentinels
  4 human skeletons (Vaults:2)
  A stone giant skeleton (Vaults:2)
  10 naga magi
  2 ice statues
  4 merfolk sirens
  10 rime drakes
  2 eyes of devastation
  3 efreet (D:15)
  5 water nymphs
  13 cane toads
  Psyche (D:10)
  12 komodo dragons
  Maggie (D:6)
  4 demonic crawlers (Elf:1)
  2 kobold demonologists
  3 anaconda simulacra (IceCv)
  7 ice devils
  30 yaktaurs
  6 freezing wraiths
  3 golden dragon simulacra (IceCv)
  4 meliai (D:13)
  A troll (shapeshifter) (D:13)
  A queen bee (shapeshifter) (Elf:2)
  A hornet (shapeshifter) (Elf:2)
  25 merfolk
  A queen bee (D:9)
  7 polar bears
  A wind drake (shapeshifter) (Elf:1)
  14 wind drakes
  7 trolls
  3 hornets
  9 snapping turtles
  6 dream sheep
  148 slime creatures
  23 blink frogs
  3 air elementals (Elf:1)
  6 flying skulls (Gauntlet)
  13 spriggans (Lair:6)
  18 water elementals
  3 fire bats (Lair:5)
  30 yaks
  8 wraiths
  16 wyverns
  11 basilisks
  A dire elephant simulacrum (IceCv)
  2 ettin skeletons (Vaults:2)
  15 golden eyes
  2 fire elementals
  A basilisk (shapeshifter) (D:13)
  7 vampire mosquitoes
  2 death yak simulacra (IceCv)
  4 steam dragons
  An elf skeleton (Vaults:2)
  6 wargs
  5 iron troll simulacra (IceCv)
  52 nagas
  2 harpy simulacra (IceCv)
  4 hydra simulacra (IceCv)
  A hell hound (D:15)
  18 water moccasins
  A floating eye (Slime:2)
  65 orc warriors
  A sky beast (D:5)
  16 ogres
  An ice beast (D:8)
  An ettin simulacrum (IceCv)
  37 wolves
  4 black bears
  5 boggarts (Lair:6)
  33 centaurs
  A phantom (D:7)
  Blork the orc (D:5)
  9 kobold brigands
  17 bullfrogs
  4 earth elementals
  2 gnoll sergeants (D:9)
  A wyvern zombie (D:7)
  A water moccasin zombie (D:5)
  3 scorpions
  10 killer bees (D:9)
  4 electric eels
  12 wights
  2 howler monkeys
  A vampire bat (Lair:3)
  3 lava snakes (Lair:5)
  The ghost of Johnny the Digger, a weakling DEEE (D:3)
  3 centaur zombies
  A draconian simulacrum (IceCv)
  4 hounds
  A bullfrog skeleton (D:6)
  37 orc priests
  A jelly (D:6)
  4 iguanas
  5 centaur skeletons
  25 orc wizards
  11 hell rats
  Natasha (twice) (D:4)
  A scorpion zombie (D:5)
  4 troll simulacra (IceCv)
  A spriggan simulacrum (IceCv)
  A wolf simulacrum (IceCv)
  3 centaur simulacra (IceCv)
  A howler monkey zombie (D:8)
  12 adders
  4 naga simulacra (IceCv)
  A gnoll (D:9)
  A shadow imp (D:6)
  9 white imps
  8 ufetubi
  A worm (D:3)
  8 dart slugs
  103 orcs
  6 ball pythons
  14 bats
  4 endoplasms
  7 giant cockroaches
  11 goblins
  5 hobgoblins
  7 jackals (D:1)
  3 quokkas
  3 frilled lizards
  9 kobolds
  5 rats
  A tentacle (Shoals:4)
2032 creatures vanquished.

Vanquished Creatures (collateral kills)
  A shadow dragon (Vaults:5)
  An orc knight (Orc:2)
  2 orc warriors
  An orc wizard (Orc:2)
  4 orcs (Orc:2)
  A foxfire (Lair:2)
10 creatures vanquished.

Vanquished Creatures (others)
  An orc warlord (Orc:1)
  A naga warrior (Snake:4)
  A boulder beetle (Lair:6)
  A deep troll (Vaults:2)
  An orc knight (Orc:1)
  A blink frog (Lair:6)
  An orc warrior (Orc:2)
  A gnoll (D:9)
  10 fire vortices
  1768 foxfires
  63 fungi
  198 plants
  3 tentacles (Shoals:4)
2050 creatures vanquished.

Grand Total: 4092 creatures vanquished

Notes
Turn   | Place    | Note
-------+----------+-------------------------------------------
     0 | D:1      | Conn the Octopode Fire Elementalist began the quest for the
                  | Orb.
     0 | D:1      | Reached XP level 1. HP: 11/11 MP: 3/3
   190 | D:1      | Found a faded altar of an unknown god.
   300 | D:1      | Reached XP level 2. HP: 17/17 MP: 3/5
   699 | D:1      | Reached XP level 3. HP: 21/21 MP: 0/6
  1649 | D:2      | Reached XP level 4. HP: 27/27 MP: 6/8
  1705 | D:2      | Learned a level 3 spell: Conjure Flame
  2508 | D:3      | Learned a level 3 spell: Inner Flame
  2901 | D:3      | Found a runed translucent door.
  2908 | D:3      | Noticed Johnny's ghost (weakling DEEE)
  2922 | D:3      | Reached skill level 1 in Fighting
  2922 | D:3      | Reached XP level 5. HP: 28/33 MP: 9/9
  2938 | D:3      | Killed Johnny's ghost
  2939 | D:3      | Reached skill level 1 in Axes
  3447 | D:3      | Reached XP level 6. HP: 38/38 MP: 7/11
  4469 | D:4      | Found a staircase to the Ecumenical Temple.
  4481 | Temple   | Entered the Ecumenical Temple
  4492 | Temple   | Became a worshipper of Sif Muna the Loreminder
  4664 | D:4      | Found a snail-covered altar of Cheibriados.
  4836 | D:4      | Noticed Natasha
  4842 | D:4      | Killed Natasha
  5036 | D:4      | Noticed Natasha
  5041 | D:4      | Killed Natasha
  5084 | D:4      | Reached skill level 1 in Slings
  5084 | D:4      | Reached XP level 7. HP: 38/43 MP: 9/12
  5281 | D:5      | Entered Level 5 of the Dungeon
  5815 | D:5      | Noticed Blork the orc
  5891 | D:5      | Learned a level 4 spell: Sticky Flame
  5916 | D:5      | Reached XP level 8. HP: 39/51 MP: 8/14
  6468 | D:5      | Killed Blork the orc
  6542 | D:6      | Found an opulent altar of Gozag.
  6542 | D:6      | Found a broken altar of Ashenzari.
  6645 | D:6      | Found a bloodstained altar of Trog.
  6665 | D:6      | Reached * piety under Sif Muna
  6702 | D:6      | Noticed Maggie
  6728 | D:6      | Killed Maggie
  6729 | D:6      | Reached skill level 5 in Spellcasting
  6959 | D:6      | Reached skill level 5 in Fire Magic
  6959 | D:6      | Reached XP level 9. HP: 57/57 MP: 16/16
  7615 | D:6      | Learned a level 5 spell: Fireball
  7823 | D:7      | Reached skill level 5 in Axes
  8257 | D:7      | Reached skill level 5 in Stealth
  9369 | D:8      | Paralysed by an orc warrior for 2 turns
  9689 | D:8      | Reached XP level 10. HP: 38/65 MP: 6/18
  9754 | D:8      | Reached skill level 5 in Slings
 10364 | D:8      | Reached ** piety under Sif Muna
 11118 | D:9      | Found a staircase to the Orcish Mines.
 11488 | D:9      | Found Itzinn's Magic Scroll Boutique.
 11525 | D:9      | Found a basalt altar of Yredelemnul.
 11839 | D:9      | Reached skill level 5 in Fighting
 12128 | D:9      | Reached skill level 5 in Conjurations
 12557 | D:9      | Reached *** piety under Sif Muna
 12717 | D:9      | Identified the +5 flail of the Ring {holy, Will+ Dex+4}
 12975 | D:9      | Reached XP level 11. HP: 50/72 MP: 18/21
 13386 | D:9      | Bought a scroll of blinking for 105 gold pieces
 13733 | Orc:1    | Entered Level 1 of the Orcish Mines
 13970 | D:10     | Entered Level 10 of the Dungeon
 13970 | D:10     | Found a staircase to the Lair.
 13970 | D:10     | Noticed Erica
 13974 | D:10     | Killed Erica
 13997 | D:9      | Reached skill level 1 in Maces & Flails
 14269 | D:10     | Noticed a two-headed ogre
 14270 | D:10     | Reached **** piety under Sif Muna
 14378 | D:10     | Noticed Psyche
 14476 | D:10     | Killed a two-headed ogre
 14687 | D:10     | Noticed Maurice
 14699 | D:10     | Killed Maurice
 14858 | D:10     | Killed Psyche
 14959 | D:10     | Found a transporter.
 14959 | D:10     | Found a transporter.
 14959 | D:10     | Noticed a two-headed ogre
 15152 | D:10     | Noticed Sonja
 15163 | D:10     | Killed Sonja
 15494 | D:10     | Reached skill level 1 in Hexes
 15741 | D:10     | Noticed a cyclops
 15741 | D:10     | Noticed a sphinx
 15749 | D:10     | Found a shadowy altar of Dithmenos.
 15991 | Lair:1   | Entered Level 1 of the Lair of Beasts
 16329 | Lair:1   | Noticed an eight-headed hydra
 16385 | Lair:1   | Killed an eight-headed hydra
 16386 | Lair:1   | Reached XP level 12. HP: 54/79 MP: 0/24
 18005 | Lair:2   | You fall into a shaft and drop 1 floor!
 18190 | Lair:2   | Reached ***** piety under Sif Muna
 18198 | Lair:2   | Noticed a death yak
 18200 | Lair:2   | Noticed a death yak
 18205 | Lair:2   | Killed a death yak
 18209 | Lair:2   | Killed a death yak
 18210 | Lair:2   | Reached skill level 1 in Evocations
 18242 | Lair:2   | Identified Sif Muna's Grimoire of Frigorific Displacement
                  | (Sif Muna gifted it to you on level 2 of the Lair of
                  | Beasts)
 18242 | Lair:2   | Received a gift from Sif Muna
 18247 | Lair:2   | Learned a level 2 spell: Blink
 18395 | Lair:2   | Noticed a five-headed hydra
 18431 | Lair:2   | Killed a five-headed hydra
 18432 | Lair:2   | Reached skill level 1 in Translocations
 18790 | Lair:2   | Noticed an eight-headed hydra
 18796 | Lair:2   | Killed an eight-headed hydra
 18982 | Lair:3   | Reached XP level 13. HP: 84/84 MP: 16/26
 19417 | Lair:3   | Reached skill level 10 in Spellcasting
 19423 | Lair:3   | Reached skill level 5 in Maces & Flails
 20006 | Lair:3   | Found a staircase to the Shoals.
 20625 | Lair:4   | Found a staircase to the Snake Pit.
 21268 | Lair:5   | Found a staircase to the Slime Pits.
 21953 | Lair:5   | Reached skill level 1 in Staves
 22232 | Lair:5   | Learned a level 4 spell: Hailstorm
 22236 | Lair:5   | Learned a level 3 spell: Stone Arrow
 22732 | Lair:5   | Reached skill level 10 in Fire Magic
 22762 | Lair:6   | Entered Level 6 of the Lair of Beasts
 23198 | Lair:5   | Noticed a fire dragon
 23226 | Lair:5   | Killed a fire dragon
 23227 | Lair:5   | Reached skill level 5 in Dodging
 23227 | Lair:5   | Reached skill level 1 in Invocations
 23303 | Lair:5   | Found the +3 pair of seven-league boots {Rampage+∞}
 23367 | Lair:5   | Identified a scroll of acquirement
 23367 | Lair:5   | Acquired a +2 hat of intelligence
 23650 | Lair:6   | Noticed Josephine
 23713 | Lair:6   | Killed Josephine
 23994 | Lair:6   | Reached XP level 14. HP: 35/90 MP: 5/28
 24337 | Lair:5   | Learned a level 3 spell: Summon Guardian Golem
 24603 | Lair:5   | Reached skill level 1 in Summonings
 24927 | Lair:6   | Identified Sif Muna's Guide on Heat and Curses (Sif Muna
                  | gifted it to you on level 6 of the Lair of Beasts)
 24927 | Lair:6   | Received a gift from Sif Muna
 24928 | Lair:6   | Reached skill level 1 in Ice Magic
 24938 | Lair:5   | Reached skill level 10 in Conjurations
 26343 | Lair:6   | Found a large runed translucent door.
 26343 | Lair:6   | Found a large runed translucent door.
 26363 | Lair:6   | Noticed MordorOrchid's ghost (journeyman DjFE)
 27808 | Orc:1    | Identified Sif Muna's Second Course in Rites and Rhymes
                  | (Sif Muna gifted it to you on level 1 of the Orcish Mines)
 27808 | Orc:1    | Received a gift from Sif Muna
 28274 | Orc:1    | Noticed an orc warlord
 28498 | D:9      | Learned a level 3 spell: Ozocubu's Armour
 28511 | Orc:1    | Killed an orc warlord
 28515 | Orc:1    | Paralysed by an orc sorcerer for 3 turns
 29068 | Orc:1    | Learned a level 3 spell: Mephitic Cloud
 29203 | Orc:2    | Entered Level 2 of the Orcish Mines
 29203 | Orc:2    | Found a staircase to the Elven Halls.
 29578 | Orc:2    | Found a gate leading to a gauntlet.
 29587 | Gauntlet | Entered a Gauntlet
 29587 | Gauntlet | Found a transporter.
 29587 | Gauntlet | Found a transporter.
 29593 | Gauntlet | Found a transporter.
 29593 | Gauntlet | Found a transporter.
 29624 | Gauntlet | Found a transporter.
 29627 | Gauntlet | Found a transporter.
 29627 | Gauntlet | Found a transporter.
 29639 | Gauntlet | Found a transporter.
 29655 | Gauntlet | Found a transporter.
 29665 | Gauntlet | Found a transporter.
 29679 | Gauntlet | Found a transporter.
 29699 | Gauntlet | Found a transporter.
 29699 | Gauntlet | Found a transporter.
 29714 | Gauntlet | Found a transporter.
 30234 | Gauntlet | Identified the +4 long sword of Youthful Indiscretion
                  | {flame, Str-2 Dex+4 Stlth+}
 30301 | Gauntlet | Identified the +2 hat of the Doldrums {Dex+6}
 30474 | Gauntlet | Reached skill level 5 in Translocations
 30732 | Gauntlet | Identified Ryfaj's Reference Book on Doomed Combat Magic
 30833 | Orc:2    | Reached XP level 15. HP: 66/97 MP: 14/30
 31157 | Orc:2    | Identified Sif Muna's Compendium of Harmful Black Magic
                  | (Sif Muna gifted it to you on level 2 of the Orcish Mines)
 31157 | Orc:2    | Received a gift from Sif Muna
 32388 | Orc:1    | Learned a level 3 spell: Ignite Poison
 33003 | Orc:2    | Found Wemal's Armour Emporium.
 33005 | Orc:2    | Found Ihontysh's Antique Armour Emporium.
 33005 | Orc:2    | Found Zoulan's Book Shoppe.
 33006 | Orc:2    | Found Keut's Jewellery Emporium.
 33018 | Orc:2    | Bought the ring of the Mage {Wiz Will++ Int+3} for 568 gold
                  | pieces
 33018 | Orc:2    | Found the ring of the Mage {Wiz Will++ Int+3}
 33018 | Orc:2    | Bought an amulet of reflection for 330 gold pieces
 33018 | Orc:2    | Bought a ring of magical power for 220 gold pieces
 33018 | Orc:2    | Bought a ring of wizardry for 330 gold pieces
 33018 | Orc:2    | Bought a ring of see invisible for 165 gold pieces
 33018 | Orc:2    | Bought a ring of resist corrosion for 220 gold pieces
 33303 | D:10     | Killed a sphinx
 34111 | D:11     | Identified the ring of Daunuhae {Int+3 Dex+6}
 34373 | D:11     | Learned a level 7 spell: Orb of Destruction
 35485 | D:12     | Noticed Frances
 35495 | D:12     | Killed Frances
 36245 | D:12     | Identified the +8 arbalest "Nuxkorow" {elec, Int+4}
 36484 | D:13     | Reached XP level 16. HP: 103/103 MP: 26/32
 36655 | D:13     | Reached skill level 1 in Shields
 37475 | D:13     | Found a gate to the Vaults.
 37555 | D:13     | Noticed fly's ghost (journeyman HuMo)
 37986 | D:13     | Found a runed translucent gate.
 37986 | D:13     | Found a runed translucent gate.
 37986 | D:13     | Found a runed translucent gate.
 38321 | D:13     | Killed fly's ghost
 38636 | D:14     | Found a flagged portal.
 38774 | Bailey   | Entered a bailey
 39752 | D:14     | Acquired a +2 kite shield of reflection
 39785 | D:14     | Learned a level 8 spell: Ignition
 40654 | D:15     | Entered Level 15 of the Dungeon
 40656 | D:15     | Found a staircase to the Depths.
 41380 | D:15     | Identified Sif Muna's Further Progress in Spellweaving (Sif
                  | Muna gifted it to you on level 15 of the Dungeon)
 41380 | D:15     | Received a gift from Sif Muna
 41729 | D:15     | Reached skill level 5 in Shields
 42534 | Shoals:1 | Entered Level 1 of the Shoals
 42929 | Shoals:1 | Reached XP level 17. HP: 108/108 MP: 11/34
 43070 | Shoals:1 | Found Piadocs's Antique Weapon Shop.
 43078 | Shoals:1 | Bought a masterwork spear for 240 gold pieces
 43078 | Shoals:1 | Identified the +11 spear "Fael" {freeze, Fragile rN+ Will++
                  | Stlth+} (You bought it in a shop on level 1 of the Shoals)
 44159 | Shoals:2 | Noticed Louise
 44386 | Shoals:2 | Found Tetseph's Assorted Antiques.
 44703 | Shoals:2 | Identified the +2 great sword "Pufothe" {freeze, rElec
                  | Will++ Str+5 Int-4}
 44847 | Shoals:2 | Bought a forked wooden wand for 180 gold pieces
 44943 | Shoals:2 | Acquired 714 gold pieces
 45209 | Shoals:2 | Killed Louise
 45967 | Shoals:3 | Identified Sif Muna's Reference Book on Lethal
                  | Transmigration (Sif Muna gifted it to you on level 3 of the
                  | Shoals)
 45967 | Shoals:3 | Received a gift from Sif Muna
 47079 | Shoals:4 | Entered Level 4 of the Shoals
 47925 | Shoals:4 | Reached skill level 15 in Fire Magic
 47945 | Shoals:4 | Identified the +11 falchion of Bodily Harmony {protect,
                  | *Noise Fly Int+4 Stlth+}
 48326 | Shoals:4 | Identified the +4 shortbow "Deonovor" {speed, rF+}
 48982 | Shoals:4 | Noticed a kraken
 48992 | Shoals:4 | Killed a kraken
 49066 | Shoals:4 | Got a barnacled rune of Zot
 49265 | Shoals:4 | Identified the +5 hand axe of Oozing Pus {vorpal, +Rage rF+
                  | rC-}
 49757 | Snake:1  | Entered Level 1 of the Snake Pit
 49924 | Snake:1  | Reached XP level 18. HP: 54/114 MP: 2/35
 50744 | Snake:2  | Found Afonuryt's Jewellery Shoppe.
 50750 | Snake:2  | Reached skill level 5 in Invocations
 51083 | Snake:2  | Noticed Roxanne
 51645 | Snake:2  | Found Feha's Antique Weapon Boutique.
 51645 | Snake:2  | Found Lele's Magic Scroll Shop.
 51648 | Snake:2  | Found Funtuw's Assorted Antiques.
 51855 | Snake:2  | Identified the +3 war axe "Zoriw" {freeze, rElec rF- Int+6}
 52287 | Snake:2  | Killed Roxanne
 52302 | Snake:2  | Learned a level 5 spell: Bolt of Magma
 52840 | Snake:3  | Received a gift from Sif Muna
 53143 | Snake:3  | Reached skill level 1 in Earth Magic
 53617 | Snake:3  | Noticed Vashnia
 53617 | Snake:3  | Noticed Aizul
 53644 | Snake:3  | Killed Aizul
 53797 | Snake:3  | Killed Vashnia
 55215 | Snake:4  | Entered Level 4 of the Snake Pit
 55215 | Snake:4  | Noticed Bai Suzhen
 55218 | Snake:4  | Killed Bai Suzhen
 55219 | Snake:4  | Reached skill level 10 in Shields
 55894 | Snake:4  | Reached XP level 19. HP: 119/119 MP: 29/37
 57549 | Snake:4  | Noticed Donald
 57556 | Snake:4  | Killed Donald
 57561 | Snake:4  | Noticed Agnes
 57563 | Snake:4  | Killed Agnes
 58552 | Snake:4  | Reached skill level 15 in Spellcasting
 59651 | Snake:4  | Identified the +4 longbow of the Head {flame, rElec rPois
                  | rF+ Str+4}
 59976 | Snake:4  | Received a gift from Sif Muna
 60138 | Snake:4  | Reached skill level 15 in Conjurations
 60458 | Snake:4  | Got a serpentine rune of Zot
 60739 | Slime:1  | Entered Level 1 of the Pits of Slime
 60743 | Slime:1  | Gained mutation: You occasionally shout uncontrollably at
                  | your foes. [a shining eye]
 61931 | Slime:2  | Reached XP level 20. HP: 96/126 MP: 14/39
 63213 | Slime:5  | Entered Level 5 of the Pits of Slime
 63239 | Slime:4  | Received a gift from Sif Muna
 63252 | Slime:4  | Learned a level 4 spell: Airstrike
 63376 | Slime:5  | Reached skill level 1 in Air Magic
 63787 | Slime:5  | Noticed the Royal Jelly
 63788 | Slime:5  | Gained mutation: You sometimes lose the ability to read
                  | scrolls when taking damage. [a shining eye]
 63982 | Slime:5  | Killed the Royal Jelly
 64357 | Slime:5  | Found the amulet of Vitality {Regen+ HP+15}
 64875 | Slime:5  | Acquired the ring of Nyuloeth {rF- rC+ Str-2 Int+9 SInv}
 64889 | Slime:5  | Found the +7 great mace "Undeadhunter" {disrupt, rN+}
 64893 | Slime:5  | Identified the +5 dagger of Usatoz {vorpal, Fly rElec
                  | rPois}
 64911 | Slime:5  | Identified the +6 chain mail "Zamegaf" {+Blink rC+ rCorr}
 64954 | Slime:5  | Identified the +7 rapier "Idiwkuda" {holy, rN+ Str+3 Dex+3}
 64961 | Slime:5  | Got a slimy rune of Zot
 64962 | Slime:5  | Identified the +5 hunting sling of Recklessness {venom,
                  | rElec rN+}
 65003 | Slime:5  | Identified the +10 plate armour "Fafof" {Drain rElec Dex+2}
 65634 | Slime:3  | Reached XP level 21. HP: 41/131 MP: 6/41
 66035 | Slime:3  | Identified Sif Muna's Catalogue of the Compass and Fire
                  | (Sif Muna gifted it to you on level 3 of the Pits of Slime)
 66035 | Slime:3  | Received a gift from Sif Muna
 66042 | Slime:3  | Learned a level 4 spell: Iskenderun's Mystic Blast
 66790 | Elf:1    | Entered Level 1 of the Elven Halls
 66793 | Elf:1    | Paralysed by an air elemental for 1 turns
 66996 | Elf:1    | Reached skill level 5 in Air Magic
 67091 | Elf:1    | Identified the +10 falchion of Foereuj {vorpal, Str-2
                  | Int+8}
 67248 | Elf:1    | Paralysed by an air elemental for 1 turns
 68358 | Elf:1    | Found Voad's Assorted Antiques.
 68366 | Elf:1    | Found Moibyir's Jewellery Boutique.
 68370 | Elf:1    | Found Vina Negao's Magic Scroll Boutique.
 68370 | Elf:1    | Found Voynax's Assorted Antiques.
 68372 | Elf:1    | Bought the amulet "Xusaodwi" {Reflect rN+ SH+5 Stlth+} for
                  | 572 gold pieces
 68395 | Elf:1    | Bought a scroll of blinking for 217 gold pieces
 68399 | Elf:1    | Bought a scroll of blinking for 90 gold pieces
 68598 | D:14     | Lost mutation: You sometimes lose the ability to read
                  | scrolls when taking damage. [potion of mutation]
 68598 | D:14     | Lost mutation: You occasionally shout uncontrollably at
                  | your foes. [potion of mutation]
 68598 | D:14     | Gained mutation: You are frail. (-10% HP) [potion of
                  | mutation]
 68598 | D:14     | Gained mutation: You have supernaturally acute eyesight.
                  | (SInv) [potion of mutation]
 68598 | D:14     | Gained mutation: Your mind is acute. (Int +2) [potion of
                  | mutation]
 69211 | Elf:1    | Found a portal to a secret trove of treasure.
 69628 | Elf:2    | Identified the +3 battleaxe "Egg" {flame, SInv}
 69661 | Elf:2    | Found Muschyna's Distillery.
 69665 | Elf:2    | Bought a potion of heal wounds for 105 gold pieces
 69665 | Elf:2    | Bought a potion of resistance for 210 gold pieces
 69697 | Elf:2    | Identified Sif Muna's Collected Works on the Lethal
                  | Frostbite (Sif Muna gifted it to you on level 2 of the
                  | Elven Halls)
 69697 | Elf:2    | Received a gift from Sif Muna
 69810 | Elf:2    | Found a frozen archway.
 69826 | IceCv    | Entered an ice cave
 70988 | IceCv    | Identified the amulet "Viwoxken" {Faith rCorr}
 71466 | Elf:2    | Found a huge runed translucent gate.
 71466 | Elf:2    | Found a huge runed translucent gate.
 71466 | Elf:2    | Found a huge runed translucent gate.
 71466 | Elf:2    | Found a huge runed translucent gate.
 71466 | Elf:2    | Found a huge runed translucent gate.
 72300 | Elf:2    | Reached XP level 22. HP: 123/123 MP: 36/43
 73261 | Elf:3    | Entered Level 3 of the Elven Halls
 73622 | Elf:3    | Identified Sif Muna's Almanac of Conjuration (Sif Muna
                  | gifted it to you on level 3 of the Elven Halls)
 73622 | Elf:3    | Received a gift from Sif Muna
 73632 | Elf:3    | Reached skill level 5 in Staves
 75052 | Elf:3    | Identified the +10 scythe "Weggipa" {spect, rC+ rN+ SInv}
 76143 | Elf:3    | Identified the +11 hand axe "Geqyvvuatt" {pain, Dex+4}
 76329 | Elf:3    | Identified the amulet "Lily" {Acrobat rN+ Int+4}
 76498 | Elf:3    | Found the +2 cloak of the Thief {*Fog Slay-2 SInv Stlth+}
 76506 | Elf:3    | Identified Nuery's Grimoire of the Ensnaring Rocks
 76544 | Elf:3    | Identified the +8 arbalest of Corruption {vorpal, rCorr}
 76874 | Vaults:1 | Entered Level 1 of the Vaults
 77584 | Vaults:1 | Received a gift from Sif Muna
 78508 | Vaults:1 | Reached XP level 23. HP: 115/128 MP: 41/45
 79985 | Vaults:2 | Noticed Jory
 80496 | Vaults:2 | Received a gift from Sif Muna
 80679 | Vaults:2 | Found a staircase to the Crypt.
 80739 | Vaults:2 | Killed Jory
 83301 | Vaults:3 | Identified Sif Muna's Catalogue of Unholy Rites and
                  | Confrontation (Sif Muna gifted it to you on level 3 of the
                  | Vaults)
 83301 | Vaults:3 | Received a gift from Sif Muna
 83546 | Vaults:3 | Identified the +8 hunting sling "Rierghyl" {venom, Will+++
                  | Str-2 Int-5 Stlth+}
 83549 | Vaults:3 | Reached XP level 24. HP: 133/133 MP: 18/46
 85482 | Vaults:4 | Identified Uciad's Volume of Heat and Transmigration (Sif
                  | Muna gifted it to you on level 4 of the Vaults)
 85482 | Vaults:4 | Received a gift from Sif Muna
 85820 | Vaults:4 | Learned a level 9 spell: Fire Storm
 86385 | Vaults:4 | Noticed Frederick
 86393 | Vaults:4 | Killed Frederick
 87870 | Vaults:5 | Entered Level 5 of the Vaults
 88125 | Vaults:5 | Reached XP level 25. HP: 42/129 MP: 27/47
 88157 | Vaults:5 | Splashed by a tengu reaver's acid

Illustrated notes

Levels and vault maps discovered:
D:1:      mrwooster_arrival_statue, layout_loops_ring,
          hellmonk_ecumenical_altar_run_dry
D:2:      layout_loops_cross, minmay_diced_spiral
D:3:      layout_basic, ebering_ghost_sewer_d
D:4:      layout_layer_cave, nicolae_overflow_crystal_walls,
          minmay_temple_entry_statues_pillars, uniq_natasha
D:5:      layout_basic, uniq_blork_the_orc
D:6:      layout_gridville, gammafunk_temple_overflow_pools, lemuel_round_altar,
          grunt_ministairs_7, uniq_maggie
D:7:      layout_layer_cave
D:8:      layout_basic
D:9:      layout_roguey, kennysheep_mini,
          kennysheep_orc_monster_closet_entryway, serial_shops,
          nicolae_shop_stone, nicolae_looking_at_the_future
D:10:     layout_loops_ring, gammafunk_temple_overflow_arena,
          david_lair_generic, uniq_erica, uniq_maurice, uniq_psyche, uniq_sonja
D:11:     minmay_the_grid_octo_tiled_octocenter [minmay_the_grid_octo_teeth,
          minmay_the_grid_octo_empty, minmay_the_grid_octo_fat_diamond,
          minmay_the_grid_octo_chip, minmay_the_grid_octo_prize_big_c,
          minmay_the_grid_square_5x5_half_checkered,
          minmay_the_grid_square_5x5_sharp_hourglass,
          minmay_the_grid_square_5x5_v, minmay_the_grid_square_5x5_forky],
          layout_basic
D:12:     layout_cave_pools, minivault_20, uniq_frances
D:13:     minmay_cornered_nines, layout_long_grid,
          hangedman_vaults_entry_quadrant_bands, gammafunk_ghost_split,
          billiards_dpeg
D:14:     layout_loops_ring, enter_bailey_5, nicolae_underground_beach
D:15:     grunt_enter_depths_giant_problem, layout_rooms, minivault_26,
          serial_curves, eino_curves_01, eino_curves_01, special_room
          [special_room_mythical_zoo]
Temple:   eino_temple_rhombus
Lair:1:   layout_cave_pods, minivault_19
Lair:2:   nzn_winding_woodlands_small [nzn_winding_woodlands_5x15_eye,
          nzn_winding_woodlands_center_triple_pond,
          nzn_winding_woodlands_5x15_sawtooth], layout_misc_corridors
Lair:3:   layout_roguey, minmay_shoals_entry_hut, roderic_batcave,
          fungi_pond_lemuel
Lair:4:   layout_cave_shapes, dummy_snake_entry
Lair:5:   dragon1_lemuel, layout_gridlike, slime_dummy
Lair:6:   minmay_lair_end_enchanted_forest, layout_regular_city,
          ebering_ghost_disaster_area, serial_bayou_crossing,
          minmay_lair_oklob_chamber, uniq_josephine
Shoals:1: layout_shoals, serial_shops, shop, nicolae_shoals_drake_roost
Shoals:2: layout_shoals, nicolae_stop_n_shop_1, uniq_louise
Shoals:3: layout_shoals, nicolae_shoals_shepherds
Shoals:4: shoals_end_hangedman, layout_shoals, yaktaur_hedge
Snake:1:  layout_gridlike, serial_corexii_hall, chequers_hall_statues_corner_a,
          corexii_hall_statues_x, corexii_hall_statues_t,
          chequers_hall_statues_wall_a
Snake:2:  layout_misc_corridors, minmay_shop_enchanted_jewellery,
          minmay_shop_star, serial_bayou_shore_a, uniq_roxanne
Snake:3:  layout_grid_maze, grunt_megastairs_1, uniq_aizul, uniq_vashnia
Snake:4:  johnstein_snake_rune_scales, layout_misc_corridors, uniq_donald,
          uniq_agnes, uniq_bai_suzhen
Slime:1:  layout_caves
Slime:2:  layout_caves
Slime:3:  layout_caves
Slime:4:  nicolae_slime_pool, layout_caves
Slime:5
Orc:1:    layout_caves, mines3_lemuel
Orc:2:    st_orc_pillars, layout_caves, gauntlet_entry_generic
Elf:1:    layout_loops_ring, nicolae_trove_entry_diagonal, evilmike_minifort,
          minmay_shop_grid_forest, st_stairs_13, einodemon_crawler_minivault
Elf:2:    layout_onion_city, serial_shops, nicolae_shop_stone,
          portal_ice_cave_entry_ice_statue_one
Elf:3:    minmay_elf_hall_x, layout_onion_city
Vaults:1: v_alt_pattern_2, v_alt_pattern_3, vaults_dpeg_hooks, kb_rosetta,
          v_misc_24, v_rooms_1, nicolae_vaults_network_square,
          hangedman_vaults_snaps, vaults_room_door_hall, grunt_vaults_funnel,
          grunt_vaults_hallway_long, hangedman_vaults_corner_blocks,
          nicolae_vaults_diagonal_hallway_8, ontoclasm_vaults_decontamination,
          layout_vaults_omnicross
Vaults:2: minmay_crypt_entry_skeletal_spiral, v_pattern_4, v_misc_17, v_misc_13,
          vaults_room_corners, vaults_standard_mumra_lines,
          hangedman_vaults_slice, nicolae_vaults_asterisk, vaults_room_pools,
          ontoclasm_vaults_chip, layout_vaults_big_room, uniq_jory
Vaults:3: nicolae_vaults_mini_display_case, dpeg_vaults_monster_row, v_misc_9,
          v_misc_29, vaults_mumra_minichess, nicolae_vaults_border_crossing,
          vaults_room_ringed_pool, vaults_dpeg_ring,
          nicolae_vaults_angled_halls, nicolae_vaults_quartermaster,
          nicolae_vaults_shelves_hall, layout_vaults_ring
Vaults:4: nicolae_vaults_little_squares_6, st_spiral_rooms,
          nicolae_vaults_little_squares_3, v_misc_18, v_misc_33,
          v_alt_pattern_6, v_misc_11, ontoclasm_vaults_chip,
          ontoclasm_vaults_tryst, nicolae_vaults_asterisk,
          layout_vaults_quadrants, uniq_frederick
Vaults:5: uniq_boris, uniq_saint_roka, uniq_mennas

Skill      XL: |  1  2  3  4  5  6  7  8  9 10 11 12 13 14 15 16 17 18 19 20 21 22 23 24 25 |
---------------+----------------------------------------------------------------------------+-----
Stealth        | 3 4 5 6 7 8 |  8.4
Spellcasting   | 3 4 5 6 8 9 10 11 12 13 14 15 16 17 18 19 20 | 20.6
Fighting       | 1 2 3 4 5 6 7 8 |  8.2
Axes           | 1 2 3 4 5 7 |  7.9
Conjurations   | 2 3 4 5 7 8 9 10 11 12 13 14 15 16 17 18 | 18.8
Fire Magic     | 4 5 6 8 9 10 11 12 14 15 16 17 18 19 20 | 20.4
Slings         | 1 2 3 4 5 |  5.6
Dodging        | 3 4 5 6 7 8 9 |  9.0
Maces & Flails | 3 4 5 |  5.3
Hexes          | 1 |  1.8
Evocations     | 1 2 |  2.5
Translocations | 1 4 5 6 7 8 |  8.0
Staves         | 2 3 4 5 6 |  6.0
Invocations    | 2 4 7 8 9 |  9.1
Summonings     | 3 |  3.1
Ice Magic      | 3 4 |  4.0
Shields        | 5 8 10 11 12 | 12.8
Earth Magic    | 1 2 |  2.4
Air Magic      | 4 5 |  5.6
Short Blades   | |  0.4
Poison Magic   | |  0.1

Action                   |  1- 3 |  4- 6 |  7- 9 | 10-12 | 13-15 | 16-18 | 19-21 | 22-24 | 25-27 || total
-------------------------+-------+-------+-------+-------+-------+-------+-------+-------+-------++-------
Melee: Unarmed           |    11 |       |       |       |       |       |       |       |       ||    11
       Constrict         |     5 |     9 |     6 |    28 |    62 |    17 |     5 |    37 |       ||   169
       Tentacles         |     5 |     5 |     9 |    18 |    57 |    37 |    68 |    76 |       ||   275
       Dagger            |    11 |       |       |       |       |       |       |       |     1 ||    12
       Battleaxe         |       |    32 |    50 |    48 |    23 |    10 |       |       |       ||   163
       Flail             |       |       |       |    74 |    19 |       |       |       |       ||    93
       Staff             |       |       |       |       |   207 |   115 |   225 |   286 |       ||   833
 Cast: Foxfire           |    55 |    84 |   142 |   247 |   276 |    86 |    66 |    38 |     2 ||   996
       Conjure Flame     |       |     4 |    14 |    33 |     4 |     1 |     1 |       |       ||    57
       Sticky Flame      |       |       |     4 |    35 |    55 |       |       |       |       ||    94
       Inner Flame       |       |       |       |    13 |     1 |       |       |       |       ||    14
       Fireball          |       |       |       |    40 |   232 |   394 |   245 |   142 |     4 ||  1057
       Blink             |       |       |       |       |    30 |    16 |    60 |    27 |       ||   133
       Hailstorm         |       |       |       |       |    12 |    12 |     9 |     2 |       ||    35
       Stone Arrow       |       |       |       |       |     4 |     9 |     9 |     3 |       ||    25
       Summon Guardian G |       |       |       |       |    10 |     1 |       |     1 |       ||    12
       Mephitic Cloud    |       |       |       |       |     9 |       |       |       |       ||     9
       Ozocubu's Armour  |       |       |       |       |     4 |     1 |       |       |       ||     5
       Orb of Destructio |       |       |       |       |    10 |    58 |   168 |   193 |       ||   429
       Bolt of Magma     |       |       |       |       |       |     2 |     6 |    12 |       ||    20
       Ignition          |       |       |       |       |       |       |    28 |    54 |     1 ||    83
       Airstrike         |       |       |       |       |       |       |     3 |     1 |       ||     4
       Iskenderun's Myst |       |       |       |       |       |       |       |     5 |     1 ||     6
       Fire Storm        |       |       |       |       |       |       |       |     2 |     3 ||     5
Invok: Channel Magic     |       |       |       |       |     6 |     5 |    12 |     7 |     2 ||    32
Evoke: Wand              |       |       |     1 |     6 |    19 |     6 |     3 |     1 |     1 ||    37
       Tin of tremorston |       |       |       |       |     1 |       |       |       |       ||     1
       Condenser vane    |       |       |       |       |     1 |       |       |       |       ||     1
  Use: Scroll            |       |       |     7 |     4 |    24 |    16 |     4 |     3 |       ||    58
       Potion            |       |       |     4 |     1 |     7 |     4 |    10 |     4 |     4 ||    34
 Stab: Sleeping          |     2 |     4 |     7 |     3 |       |     2 |     1 |     1 |       ||    20
       Petrifying        |       |       |       |       |     1 |       |       |       |       ||     1
       Confused          |       |       |       |       |     1 |       |       |       |       ||     1
       Distracted        |       |       |       |       |       |       |       |     1 |       ||     1
Armor: Skin              |     7 |     1 |    16 |    22 |    99 |    30 |    51 |    42 |       ||   268
Dodge: Dodged            |    26 |    24 |    44 |   122 |   294 |    89 |   141 |   116 |     2 ||   858
Block: Other             |       |       |       |       |    19 |     7 |       |       |       ||    26
       Reflection        |       |       |       |       |     3 |    58 |    54 |    41 |       ||   156
       Kite shield       |       |       |       |       |       |   171 |   366 |   338 |       ||   875

Table legend: (Time is in decaauts)
 A = Elapsed time spent in this place.
 B = Non-inter-level travel time spent in this place.
 C = Inter-level travel time spent in this place.
 D = Time resting spent in this place.
 E = Time spent auto-exploring this place.
 F = Levels seen in this place.
 G = Mean time per level.
                   A        B        C        D        E       F      G
               +--------+--------+--------+--------+--------+-----+--------+
         Total |  88243 |  86036 |   2207 |  26943 |  39352 |  48 | 1838.4 |
       Dungeon |  24881 |  23939 |    942 |   5817 |  12521 |  15 | 1658.7 |
        Temple |     21 |     11 |     10 |      0 |      0 |   1 |   21.0 |
          Lair |  12422 |  11966 |    456 |   4033 |   5485 |   6 | 2070.3 |
        Shoals |   7179 |   7038 |    141 |   2195 |   3496 |   4 | 1794.8 |
     Snake Pit |  10952 |  10826 |    126 |   4918 |   3724 |   4 | 2738.0 |
    Slime Pits |   5547 |   5454 |     93 |   2364 |   1872 |   5 | 1109.4 |
  Orcish Mines |   4225 |   4180 |     45 |   1457 |   1294 |   2 | 2112.5 |
   Elven Halls |   8185 |   7941 |    244 |   1932 |   4039 |   3 | 2728.3 |
        Vaults |  11245 |  11097 |    148 |   3045 |   5677 |   5 | 2249.0 |
        Bailey |    973 |    973 |      0 |    371 |    174 |   1 |  973.0 |
      Ice Cave |   1400 |   1400 |      0 |    479 |    653 |   1 | 1400.0 |
      Gauntlet |   1208 |   1208 |      0 |    330 |    417 |   1 | 1208.0 |
               +--------+--------+--------+--------+--------+-----+--------+

Top non-repeatable levels by time:
 Snake:4: 4351 daAuts
  Lair:5: 3974 daAuts
 Snake:3: 3648 daAuts
   Elf:3: 3445 daAuts
     D:9: 3358 daAuts
Vaults:4: 3031 daAuts
Vaults:1: 2959 daAuts
Vaults:2: 2834 daAuts
  Lair:6: 2650 daAuts
    D:11: 2464 daAuts
   Elf:1: 2386 daAuts
Vaults:3: 2383 daAuts
     D:8: 2363 daAuts
   Elf:2: 2354 daAuts
Shoals:1: 2272 daAuts
